 Dungeon Crawl Stone Soup version 0.30-b1-2-g02819fbbbe (webtiles) character file.

Game seed: 9105193738773258083

53 nightchill the Firebug (level 3, -8/28 HPs)
             Began as a Hill Orc Fire Elementalist on Sept 28, 2023.
             Mangled by Terence
             ... wielding a +2 heavy flail
              (15 damage)
             ... on level 2 of the Dungeon on Sept 29, 2023.
             The game lasted 00:03:53 (1608 turns).

nightchill the Firebug (Hill Orc Fire Elementalist) Turns: 1608, Time: 00:03:54

Health: -8/28      AC:  2    Str: 12    XL:     3   Next: 87%
Magic:  0/5        EV: 12    Int: 15    God:
Gold:   92         SH:  0    Dex: 11    Spells: 4/5 levels left

rFire   . . .        c - +0 dagger
rCold   . . .        (no shield)
rNeg    . . .        a - +0 robe
rPois   .            (no helmet)
rElec   .            (no cloak)
rCorr   .            (no gloves)
SInv    .            (no boots)
Will    .....        (no amulet)
Stlth   ++           (no ring)
HPRegen 0.24/turn    (no ring)
MPRegen 0.09/turn

%: no passive effects
@: no status effects
A: no striking features
a: no special abilities


You were on level 2 of the Dungeon.
You visited 1 branch of the dungeon, and saw 2 of its levels.

You collected 92 gold pieces.

Inventory:

Hand Weapons
 c - a +0 dagger (weapon)
Armour
 a - a +0 robe (worn)
Scrolls
 e - a scroll of teleportation {unknown}
 g - a scroll of poison {unknown}
Potions
 b - a potion of magic
 d - a potion of heal wounds {unknown}
 f - a potion of lignification {unknown}


   Skills:
 + Level 1.3 Fighting
 - Level 1.5 Dodging
 - Level 1.5 Stealth
 + Level 1.9 Spellcasting
 * Level 2.1 Conjurations
 * Level 4.0 Fire Magic


You had 4 spell levels left.
You knew the following spells:

 Your Spells              Type           Power      Damage    Failure   Level
a - Foxfire               Conj/Fire      40%        2x1d6     6%          1

Your spell library contained the following spells:

 Spells                   Type           Power      Damage    Failure   Level
 Scorch                   Fire           26%        2d6       6%          2
 Inner Flame              Hex/Fire       7%         N/A       28%         3
 Volatile Blastmotes      Fire/Tloc      14%        2d11      28%         3
 Flame Wave               Conj/Fire      10%        2d6       52%         4


Dungeon Overview and Level Annotations

Branches:
Dungeon (2/15)

Altars:

Annotations:
D:2 Terence


Message History

You conjure some foxfire!
The foxfire hits Terence.
Terence is lightly wounded.
The foxfire hits Terence.
Terence is moderately wounded.
Terence closely misses you.
Casting: Foxfire (safe; 6% risk of failure)
Confirm with . or Enter, or press ? or * to list all spells.
You conjure some foxfire!
The foxfire hits Terence but does no damage.
Terence is moderately wounded.
The foxfire hits Terence.
Terence is heavily wounded.
Terence barely misses you.
Casting: Foxfire (safe; 6% risk of failure)
Confirm with . or Enter, or press ? or * to list all spells.
You conjure some foxfire!
Terence hits you with a +2 heavy flail.
The foxfire hits Terence but does no damage.
Terence is heavily wounded.
The foxfire hits Terence.
Terence is heavily wounded.
Casting: Foxfire (safe; 6% risk of failure)
Confirm with . or Enter, or press ? or * to list all spells.
You conjure some foxfire!
Terence hits you with a +2 heavy flail.
The foxfire hits Terence but does no damage.
Terence is heavily wounded.
The foxfire hits Terence but does no damage.
Terence is heavily wounded.
Terence hits you with a +2 heavy flail!
* * * LOW HITPOINT WARNING * * *
Casting: Foxfire (safe; 6% risk of failure)
Confirm with . or Enter, or press ? or * to list all spells.
You conjure some foxfire!
The foxfire hits Terence but does no damage.
Terence is heavily wounded.
The foxfire hits Terence.
Terence is severely wounded.
Terence hits you with a +2 heavy flail!
Ouch! That really hurt!
You die...

#..# #...#.. .. #..#
#...'.. ####.## #..#
#...#.. #...... #..#
#...### #......
#..####...# #......
#..##.....#
#......#######..##.#####
#...............#..######
#.......@@..............#
#......#...####..)......#
#......##...###.........#
#...... #.#..##.........#
#...... #.##..+.........#
####### #.#####.........#
#.......>.......#
#######.........#
#.........#


You could see Terence.

Vanquished Creatures
  An adder (D:2)
  A worm (D:2)
  A dart slug (D:1)
  4 endoplasms
  2 giant cockroaches
  5 goblins (D:1)
  A hobgoblin (D:1)
  3 quokkas
  3 ball pythons (D:1)
  5 bats (D:1)
  4 frilled lizards
  4 kobolds
  2 rats (D:1)
36 creatures vanquished.

Vanquished Creatures (others)
  57 foxfires
57 creatures vanquished.

Grand Total: 93 creatures vanquished

Notes
Turn   | Place    | Note
-------+----------+-------------------------------------------
     0 | D:1      | nightchill the Hill Orc Fire Elementalist began the quest
                  | for the Orb.
     0 | D:1      | Reached XP level 1. HP: 14/14 MP: 3/3
   189 | D:1      | Reached XP level 2. HP: 18/22 MP: 4/4
   868 | D:1      | Reached skill level 1 in Fighting
   916 | D:1      | Reached XP level 3. HP: 17/28 MP: 2/5
  1539 | D:2      | Reached skill level 4 in Fire Magic
  1596 | D:2      | Noticed Terence
  1608 | D:2      | Mangled by Terence

Illustrated notes

Levels and vault maps discovered:
D:1:      minmay_arrival_semitransparent, layout_loops_corners,
          hangedman_feature_mirror
D:2:      layout_basic, serial_rivers, chequers_serial_rivers_micro_a,
          chequers_serial_rivers_small_a, chequers_serial_rivers_small_b,
          chequers_serial_rivers_room_a, chequers_serial_rivers_small_b,
          uniq_crazy_yiuf_cottage, uniq_terence

Skill      XL: |  1  2  3 |
---------------+----------+-----
Fighting       | 1 |  1.3
Conjurations   | 2 |  2.1
Fire Magic     | 4 |  4.0
Dodging        | |  1.5
Stealth        | |  1.5
Spellcasting   | |  1.9

Action                     || total
---------------------------++-------
  Melee: Dagger            ||    96
   Cast: Foxfire           ||    30
   Stab: Sleeping          ||     3
 Armour: Robe              ||    25
  Dodge: Dodged            ||    75
